 Dungeon Sprint DCSS version 0.20-b1-24-gb21faa7 (webtiles) character file.

12473 potatolord6000 the Fighter (level 11, 0/98 HPs)
             Began as a Demonspawn Gladiator on May 25, 2017.
             Was an Initiate of Gozag.
             Killed by divine providence
             ... invoked by an orc high priest
              (9 damage)
             ... in the Dungeon (Sprint IX: "|||||||||||||||||||||||||||||").
             The game lasted 00:07:33 (1281 turns).

potatolord6000 the Fighter (Demonspawn Gladiator)   Turns: 1281, Time: 00:07:34

Health: 0/98       AC: 24    Str: 18    XL:     11   Next: 62%
Magic:  0/25       EV: 20    Int: 10    God:    Gozag
Gold:   288        SH:  0    Dex: 14    Spells: 31/31 levels left

rFire    + . .     SeeInvis .   m - +5 scimitar (elec)
rCold    . . .     Gourm    .   (no shield)
rNeg     . . .     Faith    .   v - +3 scale mail {MR+}
rPois    .         Spirit   +   (helmet unavailable)
rElec    .         Reflect  .   (no cloak)
rCorr    .         Harm     .   t - +0 pair of gloves
MR       +....     NoTele   +   a - +0 pair of boots
Stlth    ..........             (no amulet)
Regen    0.3/turn               r - +6 ring of protection
MPRegen  0.2/turn               j - +3 ring of evasion

@: gold aura, berserk cooldown, slowed, very slow
A: horns 3, slimy green scales 2, fire resistance 1, magic shield
a: Potion Petition, Call Merchant, Bribe Branch, Renounce Religion


You were in the Dungeon.
You worshipped Gozag.
Gozag was aware of your devotion.
You were not hungry.

You visited 1 branch You collected 5913 gold pieces.
You spent 2409 gold pieces at shops.
You paid 3216 gold pieces to Gozag.

Inventory:

Hand Weapons
 m - a +5 scimitar of electrocution (weapon)
Armour
 a - a +0 pair of boots (worn)
 t - a +0 pair of gloves (worn)
 v - a +3 scale mail of magic resistance (worn)
Jewellery
 j - a +3 ring of evasion (right hand)
 r - a +6 ring of protection (left hand)
Scrolls
 h - 5 scrolls of remove curse
 k - 2 scrolls of blinking
 l - 2 scrolls of amnesia
 p - 3 scrolls of fear
 q - a scroll of recharging
Potions
 b - a potion of brilliance
 e - 6 potions of curing
 i - 4 potions of magic
Comestibles
 d - 40 fruits
 o - 13 meat rations
 s - 12 bread rations


   Skills:
 + Level 13.5 Fighting
 + Level 12.7 Long Blades
 - Level 1.7 Throwing
 + Level 12.4 Armour
 + Level 12.7 Dodging
 + Level 10.6 Spellcasting


You had 31 spell levels left.
You didn't know any spells.

Dungeon Overview and Level Annotations

Branches:
Dungeon (1/1)

Altars:
Cheibriados
Dithmenos
Elyvilon
Fedhas
Gozag
Hepliaklqana
Kikubaaqudgha
Makhleb
Nemelex Xobeh
Okawaru
Qazlal
Ru
Sif Muna
Trog
Uskayaw
Vehumet
Xom
Yredelemnul
Zin
The Shining One
Beogh
Jiyva
Lugonu

Shops:
D %=[}[[==


Innate Abilities, Weirdness & Mutations

You have a pair of large horns on your head.
You are mostly covered in slimy green scales. (AC +3)
Your flesh is heat resistant. (rF+)
When hurt, damage is shared between your health and your magic reserves.


Message History

You hit the orc knight.
You kill the orc knight!
The orc high priest calls down the wrath of Beogh upon you.
Beogh smites you!
* * * LOW HITPOINT WARNING * * *
The orc high priest prays to Beogh.
You are no longer berserk.
You are exhausted.
You feel yourself slow down.
The orc high priest hits you but does no damage.
Found 50 gold pieces.
There is an entrance to Kisimpuh's Antique Armour Shop here.
Things that are here:
63 gold pieces; an enchanted war axe; a plate armour You closely miss the orc high priest.
Your headbutt misses the orc high priest.
The orc high priest mumbles some strange prayers to Beogh against you.
Beogh smites you!
You die...
Your body crumbles into a pile of gold.

$▓.▓.▓.▓.▓
▓$▓.▓.▓.▓.▓
▓$▓.▓'▓.▓.▓
▓4▓.▓.▓.▓.▓
▓o▓.▓.▓.▓.▓
▓4▓.▓.▓.▓)▓
▓3▓.▓[▓.▓.▓
▓o▓.▓.▓.▓.▓
▓@▓.▓.▓.▓[▓
▓$▓.▓.▓.▓[▓
▓∩▓.▓.▓.▓.▓
▓$▓.▓.▓.▓)▓
▓$▓.▓.▓.▓/▓
▓$▓.▓.▓.▓.▓
▓$▓.▓.▓.▓.▓
▓$▓.▓'▓.▓'▓
▓$▓.▓.▓.▓_▓


You could see 2 orc high priests, a sun demon, an ice devil and a red devil.

Vanquished Creatures
  A two-headed ogre (D)
  6 orc high priests (D)
  5 orc knights (D)
  An elephant (D)
  A gargoyle (D)
  2 spiny frogs (D)
  A komodo dragon (D)
  6 polar bears (D)
  A hippogriff (D)
  A blink frog (D)
  A yak (D)
  A basilisk (D)
  6 water moccasins (D)
  A porcupine (D)
  13 orc warriors (D)
  2 black bears (D)
  A wolf (D)
  A centaur (D)
  2 crocodiles (D)
  2 bullfrogs (D)
  2 hounds (D)
  2 orc priests (D)
  5 orc wizards (D)
  An adder (D)
  An ooze (D)
  An adder skeleton (D)
  2 adder zombies (D)
  8 orcs (D)
  A bat (D)
  A bat skeleton (D)
  A hobgoblin (D)
  A quokka (D)
  A ball python skeleton (D)
  A frilled lizard (D)
  A rat (D)
84 creatures vanquished.

Notes
Turn   | Place    | Note
-------+----------+-------------------------------------------
     0 | D        | potatolord6000 the Demonspawn Gladiator began the quest for the Orb.
     0 | D        | Reached XP level 1. HP: 16/16 MP: 1/1
    14 | D        | Reached skill level 1 in Armour
    19 | D        | Gained mutation: You are partially covered in slimy green scales. (AC +2) [demonic ancestry]
    19 | D        | Reached XP level 2. HP: 19/23 MP: 2/2
    91 | D        | Reached skill level 3 in Fighting
   110 | D        | Reached XP level 3. HP: 20/29 MP: 3/3
   117 | D        | Found a roughly hewn altar of Beogh.
   117 | D        | Found a snail-covered altar of Cheibriados.
   117 | D        | Found a shadowy altar of Dithmenos.
   117 | D        | Found a white marble altar of Elyvilon.
   117 | D        | Found a blossoming altar of Fedhas.
   117 | D        | Found an opulent altar of Gozag.
   118 | D        | Found a hazy altar of Hepliaklqana.
   119 | D        | Found a viscous altar of Jiyva.
   120 | D        | Found an ancient bone altar of Kikubaaqudgha.
   121 | D        | Found a corrupted altar of Lugonu.
   122 | D        | Found a burning altar of Makhleb.
   123 | D        | Found a sparkling altar of Nemelex Xobeh.
   124 | D        | Found an iron altar of Okawaru.
   125 | D        | Became a worshipper of Gozag Ym Sagoz the Greedy
   126 | D        | Found a stormy altar of Qazlal.
   129 | D        | Found a sacrificial altar of Ru.
   130 | D        | Found a deep blue altar of Sif Muna.
   131 | D        | Found a bloodstained altar of Trog.
   132 | D        | Found a hide-covered altar of Uskayaw.
   133 | D        | Found a radiant altar of Vehumet.
   135 | D        | Found a shimmering altar of Xom.
   136 | D        | Found a basalt altar of Yredelemnul.
   137 | D        | Found a glowing silver altar of Zin.
   138 | D        | Found a glowing golden altar of the Shining One.
   186 | D        | Noticed a gargoyle
   186 | D        | Noticed a yak
   192 | D        | Killed a yak
   192 | D        | Reached skill level 5 in Fighting
   192 | D        | Reached skill level 5 in Long Blades
   192 | D        | Reached skill level 5 in Dodging
   192 | D        | Gained mutation: You have a pair of small horns on your head. [demonic ancestry]
   192 | D        | Reached XP level 4. HP: 19/40 MP: 4/4
   192 | D        | Reached XP level 5. HP: 22/46 MP: 5/5
   197 | D        | Killed a gargoyle
   197 | D        | Reached skill level 7 in Fighting
   197 | D        | Gained mutation: You are mostly covered in slimy green scales. (AC +3) [demonic ancestry]
   197 | D        | Reached XP level 6. HP: 15/55 MP: 6/6
   206 | D        | Gained mutation: When hurt, damage is shared between your health and your magic reserves. [demonic ancestry]
   206 | D        | Reached XP level 7. HP: 18/61 MP: 7/7
   440 | D        | Noticed a two-headed ogre
   443 | D        | Reached skill level 8 in Fighting
   443 | D        | Reached skill level 1 in Spellcasting
   450 | D        | Killed a two-headed ogre
   450 | D        | Reached skill level 9 in Fighting
   450 | D        | Gained mutation: Your flesh is heat resistant. (rF+) [demonic ancestry]
   450 | D        | Reached XP level 8. HP: 39/71 MP: 3/14
   473 | D        | Bought a +4 ring of dexterity for 405 gold pieces
   601 | D        | Noticed a spiny frog
   601 | D        | Noticed a hippogriff
   612 | D        | Noticed an elephant
   612 | D        | Killed a hippogriff
   612 | D        | Reached skill level 5 in Spellcasting
   619 | D        | Killed a spiny frog
   619 | D        | Reached skill level 10 in Fighting
   619 | D        | Reached XP level 9. HP: 72/78 MP: 14/17
   628 | D        | Killed an elephant
   628 | D        | Reached skill level 10 in Long Blades
   628 | D        | Reached skill level 10 in Dodging
   656 | D        | Noticed a spiny frog
   659 | D        | Noticed a komodo dragon
   666 | D        | Killed a spiny frog
   666 | D        | Reached skill level 11 in Fighting
   677 | D        | Killed a komodo dragon
   677 | D        | Reached skill level 10 in Armour
   693 | D        | Gained mutation: You have a pair of horns on your head. [demonic ancestry]
   693 | D        | Reached XP level 10. HP: 66/88 MP: 15/21
   706 | D        | Bought a +3 ring of evasion for 336 gold pieces
   801 | D        | Bought a +6 ring of protection for 1248 gold pieces
  1007 | D        | Bought a runed scale mail for 210 gold pieces
  1007 | D        | Bought a runed scale mail for 210 gold pieces
  1122 | D        | Reached skill level 12 in Fighting
  1197 | D        | Found Fihotole's Gadget Boutique.
  1197 | D        | Noticed an orc high priest
  1197 | D        | Noticed an orc high priest
  1197 | D        | Noticed an orc high priest
  1197 | D        | Noticed an orc high priest
  1197 | D        | Noticed an orc knight
  1207 | D        | Killed an orc knight
  1213 | D        | Noticed an orange demon
  1215 | D        | Killed an orc high priest
  1215 | D        | Gained mutation: You have a pair of large horns on your head. [demonic ancestry]
  1215 | D        | Reached XP level 11. HP: 96/96 MP: 22/24
  1218 | D        | Killed an orc high priest
  1219 | D        | Found Kisimpuh's Antique Armour Shop.
  1225 | D        | Noticed a sun demon
  1225 | D        | Noticed an orc high priest
  1231 | D        | Killed an orc high priest
  1232 | D        | Noticed an orc knight
  1234 | D        | Noticed a sixfirhy
  1236 | D        | Killed an orc high priest
  1237 | D        | Found Siuwk's Jewellery Boutique.
  1241 | D        | Killed an orc high priest
  1241 | D        | Reached skill level 13 in Fighting
  1241 | D        | Reached skill level 10 in Spellcasting
  1244 | D        | Noticed an orc knight
  1244 | D        | Noticed an orc high priest
  1245 | D        | Noticed an orc knight
  1245 | D        | Killed an orc knight
  1246 | D        | Found Deugh's Food Shop.
  1246 | D        | Noticed an orc knight
  1248 | D        | Noticed an orc high priest
  1251 | D        | Killed an orc high priest
  1255 | D        | Noticed a sun demon
  1255 | D        | Killed an orc knight
  1265 | D        | Noticed an orc high priest
  1268 | D        | Killed an orc knight
  1279 | D        | Killed an orc knight
  1281 | D        | Killed from afar by an orc high priest

Skill      XL: |  1  2  3  4  5  6  7  8  9 10 11 |
---------------+----------------------------------+-----
Long Blades    | 3 5 7 8 9 10 11 12 | 12.7
Armour         | 1 2 4 6 8 9 10 11 12 | 12.4
Dodging        | 3 5 7 8 9 10 11 12 | 12.7
Fighting       | 3 5 7 9 10 11 12 13 | 13.5
Spellcasting   | 4 5 7 9 10 | 10.6
Throwing       | |  1.7

Action                   |  1- 3 |  4- 6 |  7- 9 | 10-12 || total
-------------------------+-------+-------+-------+-------++-------
Melee: Long sword        |    47 |       |       |       ||    47
       Scimitar          |     6 |    10 |    62 |   150 ||   228
       Headbutt          |       |       |    25 |    41 ||    66
Invok: Call Merchant     |       |       |     1 |     3 ||     4
       Potion Petition   |       |       |     1 |       ||     1
  Use: Potion            |     1 |     2 |     1 |     5 ||     9
       Scroll            |       |       |     3 |       ||     3
 Stab: Invisible         |       |       |     6 |       ||     6
       Distracted        |       |       |     2 |     1 ||     3
  Eat: Bread ration      |       |       |     1 |       ||     1
Armor: Leather armour    |     8 |       |       |       ||     8
       Scale mail        |     1 |       |     6 |    40 ||    47
Dodge: Dodged            |    35 |     3 |    49 |    57 ||   144
       Rpst.: Long sword |     8 |       |       |       ||     8
       Scimitar          |     1 |     1 |    10 |    12 ||    24
